 Dungeon Crawl Stone Soup version 0.31-a0-836-g3ceb0a68c4 (webtiles) character file.

Game seed: 4188125560768757450

66 LeprechaunX the Changeling (level 4, -1/29 HPs)
             Began as an Octopode Shapeshifter on Sept 26, 2023.
             Was a Believer of Ru.
             Slain by an orc
             ... wielding a +0 flail
              (5 damage)
             ... on level 4 of the Dungeon.
             The game lasted 00:02:52 (2409 turns).

LeprechaunX the Changeling (Octopode Shapeshifter)  Turns: 2409, Time: 00:02:53

Health: -1/29      AC:  1    Str: 15    XL:     4   Next: 15%
Magic:  4/4        EV: 13    Int: 12    God:    Ru [**....]
Gold:   92         SH:  0    Dex: 11    Spells: 3/3 levels left

rFire   . .          .
                       - Unarmed
rCold   . . .        (no shield)
rNeg    . . .        (helmet currently unavailable)
rPois   .            (no amulet)
rElec   .            (no ring)
rCorr   .            (no ring)
SInv    .            (no ring)
Will    .....        (no ring)
Stlth   ++           (no ring)
HPRegen 0.24/turn    (no ring)
MPRegen 0.09/turn    (no ring)
                     (no ring)

%: no passive effects
@: beast-form
A: beast (slay +2), almost no armour, amphibious, 8 rings, camouflage 1,
gelatinous body 1, hated by all, (nimble swimmer 1), tentacles
a: Begin Untransformation, Renounce Religion


You were on level 4 of the Dungeon.
You worshipped Ru.
Ru was pleased with you.
You were a hulking beast.
You visited 1 branch of the dungeon, and saw 4 of its levels.

You collected 92 gold pieces.

Inventory:

Armour
 l - an orb of light
Talismans
 b - a beast talisman (active)
 c - a flux talisman
Scrolls
 e - a scroll of brand weapon {unknown}
 h - a scroll of fog {unknown}
 i - a scroll of silence {unknown}
 k - 2 scrolls of identify {unknown}
 m - a scroll of revelation {unknown}
 n - a scroll of enchant weapon {unknown}
 o - 2 scrolls of teleportation {unknown}
 q - a scroll of acquirement {unknown}
Potions
 a - a potion of lignification
 d - 5 potions of curing {unknown}
 f - 2 potions of might {unknown}
 g - a potion of heal wounds {unknown}
 j - a potion of mutation {unknown}
 p - a potion of attraction {unknown}


   Skills:
 + Level 1.8 Fighting
 + Level 2.6 Dodging
 + Level 3.4 Unarmed Combat
 * Level 3.6 Shapeshifting


You had 3 spell levels left.
You didn't know any spells.
Your spell library contained the following spells:

 Spells                   Type           Power      Damage    Failure   Level
 Sandblast                Erth           0%         2d4       32%         1
 Passwall                 Tmut/Erth      0%         N/A       45%         2
 Ignite Poison            Fire/Tmut/Pois 0%         N/A       69%         3
 Stone Arrow              Conj/Erth      0%         3d7       69%         3
 Brom's Barrelling Bould  Conj/Erth      0%         2d3       97%         4
 Sticky Flame             Conj/Fire      0%         2d3       97%         4
 Ignition                 Fire           0%         3d3       100%        8


Dungeon Overview and Level Annotations

Branches:
Dungeon (4/15)             Temple (0/1) D:4

Altars:
Ru

Annotations:
D:3 4 transporters, javelincjr's ghost, weakling DsFi


Innate Abilities, Weirdness & Mutations

You are a hulking beast.
Your limbs bulge with bestial killing power. (Slay +2)
You cannot wear most types of armour.
You are amphibious.
You can wear up to eight rings at the same time.
Your skin changes colour to match your surroundings (Stealth+).
Your rubbery body absorbs attacks. (AC +1, EV +1)
You are hated by all.
((You are camouflaged when in or above water. (Stealth+)))
You have tentacles for arms and can constrict up to eight enemies at once.


Message History

No target in view!
No target in view!
No target in view!
No target in view!
No target in view!
No target in view!
q - a scroll labelled MODDIEHEDGH An orc comes into view.
It is wielding a +0 war axe.
An orc is nearby!
An orc is nearby!
An orc comes into view. It is wielding a +0 flail.
Found a book of Dangerous Friends.
An orc comes into view. It is wielding a +0 club.
Found a scroll labelled MODDIEHEDGH.
The orc shouts!
You hear a shout! x2; You hear a bark!
An orc comes into view. It is wielding a +0 whip.
An orc comes into view. It is wielding a +0 club.
A kobold comes into view. It is wielding a +0 dagger.
A hound comes into view.
The hound completely misses you.
You barely miss the hound.
The orc shouts! x2
Your grab misses the hound. The hound bites you. The orc closely misses you.
The hound barely misses you.
You tentacle-slap the hound. Your grab misses the hound.
Your squeeze misses the hound.
The hound is moderately wounded.
The orc hits you with a +0 club. The orc hits you with a +0 flail!
The orc barely misses you. The hound barely misses you.
You tentacle-slap the hound. Your grab misses the hound.
Your squeeze misses the hound.
The hound is moderately wounded.
The hound bites you. The orc hits you with a +0 club.
The orc barely misses you. The orc hits you with a +0 club.
The hound bites you.
* * * LOW HITPOINT WARNING * * *
The orc attacks as it pursues you! The orc hits you with a +0 club.
* * * LOW HITPOINT WARNING * * *
The orc hits you with a +0 flail.
You die...

.... ...# .... ..# .
...?. ..# ###..
.....##.##...
#.......... #....o...#
##### #..:...oo# #...#
#......oh# #...#
#.....Koh###...#######
#####.....##...#..[..##
#####.............#
#.............#
#....#........#
#....#........#
#....#........#
#....#........###
#....#..(.<......


You could see a hound, 5 orcs and a kobold.

Vanquished Creatures
  A worm (D:3)
  3 dart slugs
  7 bats
  5 endoplasms
  2 giant cockroaches
  3 hobgoblins
  3 jackals (D:2)
  7 quokkas
  5 ball pythons
  6 frilled lizards
  2 goblins
  9 kobolds
  2 rats
55 creatures vanquished.

Notes
Turn   | Place    | Note
-------+----------+-------------------------------------------
     0 | D:1      | LeprechaunX the Octopode Shapeshifter began the quest for
                  | the Orb.
     0 | D:1      | Reached XP level 1. HP: 13/13 MP: 1/1
   172 | D:1      | Reached XP level 2. HP: 18/18 MP: 2/2
   733 | D:2      | Reached XP level 3. HP: 23/23 MP: 3/3
   835 | D:2      | Found a faded altar of an unknown god.
   873 | D:2      | Prayed at the altar of an unknown god.
   873 | D:2      | Became a worshipper of Ru the Awakened
   895 | D:2      | Gained mutation: You are hated by all. [Ru sacrifice]
   895 | D:2      | Reached * piety under Ru
   895 | D:2      | Reached ** piety under Ru
  1505 | D:3      | Found a transporter.
  1560 | D:3      | Found a transporter.
  1823 | D:3      | Found a sacrificial altar of Ru.
  1829 | D:3      | Reached XP level 4. HP: 29/29 MP: 4/4
  2007 | D:3      | Found a transporter.
  2011 | D:3      | Noticed javelincjr's ghost (weakling DsFi)
  2109 | D:3      | Found a transporter.
  2376 | D:4      | Found a staircase to the Ecumenical Temple.
  2409 | D:4      | Slain by an orc

Illustrated notes

Levels and vault maps discovered:
D:1:      psy_arrival_spokes, layout_loops_ring, chequers_serial_rivers_micro_e
D:2:      layout_basic, chequers_ecumenical_altar_lobes
D:3:      gammafunk_steamed_eel, layout_basic, nicolae_ru_awakened_eye,
          gammafunk_ghost_mausoleum
D:4:      minmay_skewed_foursquare, layout_basic, nemelex_spade_bored_becter,
          minmay_temple_entry_statues_pillars, chequers_serial_rivers_micro_b

Action                     |  1- 3 |  4- 6 || total
---------------------------+-------+-------++-------
  Melee: Unarmed           |    87 |    15 ||   102
         Constrict         |    23 |     4 ||    27
         Tentacles         |    16 |     4 ||    20
         Punch             |     1 |     2 ||     3
 Invoke: Sacrifice Love    |     1 |       ||     1
   Stab: Sleeping          |     9 |     3 ||    12
 Armour: Skin              |    33 |    11 ||    44
  Dodge: Dodged            |    46 |    10 ||    56

Table legend: (Time is in decaauts)
 A = Elapsed time spent in this place.
 B = Non-inter-level travel time spent in this place.
 C = Inter-level travel time spent in this place.
 D = Time resting spent in this place.
 E = Time spent auto-exploring this place.
 F = Levels seen in this place.
 G = Mean time per level.
                   A        B        C        D        E       F      G
               +--------+--------+--------+--------+--------+-----+--------+
         Total |   2402 |   2281 |    121 |      0 |   1932 |   4 |  600.5 |
       Dungeon |   2402 |   2281 |    121 |      0 |   1932 |   4 |  600.5 |
               +--------+--------+--------+--------+--------+-----+--------+

Top non-repeatable levels by time:
     D:3: 869 daAuts
     D:2: 772 daAuts
     D:1: 728 daAuts
     D:4: 32 daAuts
